 Dungeon Crawl Stone Soup version 0.26-a0-665-gefeb406119 (webtiles) character file.

Game seed: 16008979310372685732

2374 robertstho the Slinger (level 9, -8/62 HPs)
             Began as a Halfling Hunter on Oct 14, 2020.
             Was a Believer of Okawaru.
             Shot with an arrow by a centaur warrior (23 damage)
             ... on level 9 of the Dungeon.
             The game lasted 00:09:14 (5676 turns).

robertstho the Slinger (Halfling Hunter)            Turns: 5676, Time: 00:09:14

Health: -8/62      AC:  8    Str: 15    XL:     9   Next: 73%
Magic:  10/10      EV: 20    Int:  9    God:    Okawaru [**....]
Gold:   182        SH:  0    Dex: 16    Spells: 8/8 levels left

rFire    . . .     SeeInvis .   a - +1 hunting sling
rCold    . . .     Faith    .   (shield restricted)
rNeg     . . .     Spirit   .   c - +0 leather armour
rPois    .         Reflect  .   (no helmet)
rElec    .         Harm     .   F - +2 cloak
rCorr    .         Rampage  .   g - +0 pair of gloves
MR       .....                  (no boots)
Stlth    +++++.....             n - amulet of magic regeneration
HPRegen  0.20/turn              D - ring of stealth
MPRegen  0.37/turn              x - ring of flight

@: heroism
A: small, mutation resistance 1
a: Heroism, Renounce Religion, Evoke Flight


You were on level 9 of the Dungeon.
You worshipped Okawaru.
Okawaru was pleased with you.
You visited 2 branches of the dungeon, and saw 9 of its levels.

You collected 391 gold pieces.
You spent 209 gold pieces at shops.

Inventory:

Hand Weapons
 a - a +1 hunting sling (weapon)
 b - a +0 short sword
 w - a +2 hand axe of electrocution
 B - a +4 spear
Missiles
 i - 71 stones (quivered)
Armour
 c - a +0 leather armour (worn)
 g - a +0 pair of gloves (worn)
 F - a +2 cloak (worn)
Jewellery
 d - an uncursed ring of positive energy
 n - an amulet of magic regeneration (around neck)
 x - a ring of flight (right hand)
 D - a ring of stealth (left hand)
Wands
 G - a wand of digging (7)
Scrolls
 e - a scroll of teleportation {unknown}
 j - a scroll of fog {unknown}
 k - 2 scrolls of remove curse {unknown}
 l - a scroll of enchant armour {unknown}
 s - a scroll of random uselessness {unknown}
 u - 2 scrolls of blinking {unknown}
 v - a scroll of immolation {unknown}
 y - a scroll of enchant weapon {unknown}
 A - 2 scrolls of fear {unknown}
 C - a scroll of identify
Potions
 f - 3 potions of curing
 h - a potion of stabbing
 m - a potion of ambrosia
 o - 2 potions of brilliance {unknown}
 p - a potion of lignification {unknown}
 q - a potion of magic {unknown}
 r - 2 potions of resistance
 t - 2 potions of flight
 z - a potion of mutation


   Skills:
 * Level 6.2(11.2) Fighting
 * Level 13.3(18.3) Slings
 + Level 2.2(7.2) Armour
 + Level 2.8(7.8) Dodging
 * Level 4.6(9.6) Stealth
 * Level 2.6 Invocations


You had 8 spell levels left.
You didn't know any spells.
Your spell library was empty.

Dungeon Overview and Level Annotations

Branches:
Dungeon (9/15)             Temple (1/1) D:6            Lair (0/6) D:8
    Orc: D:9-12

Altars:
Ashenzari
Gozag
Hepliaklqana
Kikubaaqudgha
Makhleb
Nemelex Xobeh
Okawaru
Ru
Sif Muna
Trog
Uskayaw
Wu Jian
Zin

Shops:
D:4 (   D:5 [   D:6 =!

Annotations:
D:4 2 runed translucent doors, heikuro's ghost, weakling FoAK
D:5 3 runed translucent doors, TigOlBitties's ghost, novice DEEE
D:6 good potion / jewellry shop
D:7 Harold


Innate Abilities, Weirdness & Mutations

You are small and have problems with some larger weapons.
You are somewhat resistant to further mutation.


Message History

You are too injured to fight recklessly!
You are too injured to fight recklessly!
You are too injured to fight recklessly!
Firing (i - inventory)
i - 73 stones (quivered)
Press: ? - help, Shift-Dir - straight line, f/p - centaur warrior
Aim: a centaur warrior, wielding a +0 shortbow and quivering 6 arrows (moderately wounded)
You shoot a stone.
The stone barely misses the centaur warrior.
Firing (i - inventory)
i - 72 stones (quivered)
Press: ? - help, Shift-Dir - straight line, f/p - centaur warrior
Aim: a centaur warrior, wielding a +0 shortbow and quivering 6 arrows (moderately wounded)
You shoot a stone. The stone hits the centaur warrior.
The centaur warrior is moderately wounded.
The centaur warrior shoots an arrow.
The arrow hits you!
* * * LOW HITPOINT WARNING * * *
You feel better.
The centaur warrior shoots an arrow.
The arrow hits you!
* * * LOW HITPOINT WARNING * * *
The centaur warrior shoots an arrow.
The arrow completely misses you.
You feel better.
The centaur warrior shoots an arrow.
The arrow hits you!!
You die...

######### ## # #.......#
..( ..#...<...# ..c(
#.#.......# .....
#>........########....??
#..........†..@'((....
#.......########......
###.##### ##### #.# #.##
#>.# ##.# #.# #.#


You could see a centaur warrior.

Vanquished Creatures
  A sky beast (D:5)
  An orc warrior (D:7)
  3 phantoms
  2 centaurs
  4 ogres
  4 bullfrogs
  A gnoll sergeant (D:8)
  2 scorpions
  5 wights (D:7)
  A howler monkey (D:4)
  A bullfrog zombie (D:8)
  2 hounds
  A bullfrog skeleton (D:9)
  3 orc priests
  4 orc wizards (D:4)
  3 jellies
  Natasha (thrice) (D:4)
  4 worker ants
  A hound skeleton (D:5)
  8 gnolls
  2 adders
  2 shadow imps
  A white imp (D:6)
  3 ufetubi
  2 adder zombies
  2 worms
  4 dart slugs
  8 orcs
  2 ball pythons
  2 giant cockroaches (D:1)
  3 goblins
  2 hobgoblins (D:1)
  13 jackals
  3 quokkas
  A frilled lizard (D:5)
  A kobold (D:1)
105 creatures vanquished.

Vanquished Creatures (others)
  An orc wizard (D:7)
1 creature vanquished.

Grand Total: 106 creatures vanquished

Notes
Turn   | Place    | Note
-------+----------+-------------------------------------------
     0 | D:1      | robertstho the Halfling Hunter began the quest for the Orb.
     0 | D:1      | Reached XP level 1. HP: 14/14 MP: 1/1
    60 | D:1      | Reached skill level 6 in Slings
   124 | D:1      | Reached XP level 2. HP: 19/19 MP: 2/2
   590 | D:1      | Reached XP level 3. HP: 24/24 MP: 3/3
   784 | D:2      | You fall into a shaft and drop 2 floors!
   788 | D:4      | Noticed an ogre
   794 | D:4      | Reached skill level 7 in Slings
   794 | D:4      | Reached XP level 4. HP: 26/29 MP: 4/4
   800 | D:4      | Killed an ogre
   800 | D:4      | Reached skill level 8 in Slings
   800 | D:4      | Reached XP level 5. HP: 26/35 MP: 5/5
   880 | D:4      | Noticed Natasha
   886 | D:4      | Killed Natasha
  1106 | D:4      | Found Unoasero's Antique Weapon Emporium.
  1119 | D:4      | Noticed a phantom
  1133 | D:4      | Killed a phantom
  1133 | D:4      | Reached skill level 9 in Slings
  1133 | D:4      | Reached XP level 6. HP: 36/41 MP: 6/6
  1352 | D:4      | Noticed Natasha
  1365 | D:4      | Killed Natasha
  1377 | D:4      | Reached XP level 7. HP: 32/46 MP: 7/7
  1622 | D:4      | Found a shimmering blue altar of Sif Muna.
  1632 | D:4      | Reached skill level 1 in Armour
  1639 | D:4      | Reached skill level 10 in Slings
  1912 | D:4      | Noticed Natasha
  1919 | D:4      | Killed Natasha
  1994 | D:4      | Found a large runed translucent door.
  1994 | D:4      | Found a large runed translucent door.
  1996 | D:4      | Noticed heikuro's ghost (weakling FoAK)
  2056 | D:5      | Entered Level 5 of the Dungeon
  2216 | D:5      | Found a runed translucent gate.
  2216 | D:5      | Found a runed translucent gate.
  2217 | D:5      | Found a runed translucent gate.
  2219 | D:5      | Noticed TigOlBitties's ghost (novice DEEE)
  2538 | D:5      | Found a glowing silver altar of Zin.
  2708 | D:5      | Found Visto's Armour Boutique.
  3044 | D:6      | Reached XP level 8. HP: 54/54 MP: 8/8
  3045 | D:6      | Reached skill level 11 in Slings
  3098 | D:6      | Found a staircase to the Ecumenical Temple.
  3126 | Temple   | Entered the Ecumenical Temple
  3135 | Temple   | Became a worshipper of Warmaster Okawaru
  3266 | D:6      | Found Guwuiq's Distillery.
  3272 | D:6      | Bought a potion of curing for 33 gold pieces
  3272 | D:6      | Bought a potion of heal wounds for 55 gold pieces
  3272 | D:6      | Bought a potion of mutation for 88 gold pieces
  3272 | D:6      | Bought a potion of flight for 33 gold pieces
  3449 | D:6      | Found Otaboph's Jewellery Boutique.
  3719 | D:6      | Reached skill level 1 in Invocations
  3726 | D:6      | Reached skill level 12 in Slings
  3869 | D:7      | Reached * piety under Okawaru
  4021 | D:7      | Reached skill level 5 in Fighting
  4021 | D:7      | Reached XP level 9. HP: 61/61 MP: 10/10
  4249 | D:7      | Noticed Harold
  4571 | D:8      | Found a sacrificial altar of Ru.
  4647 | D:8      | Found a staircase to the Lair.
  4727 | D:8      | Reached skill level 13 in Slings
  5560 | D:9      | Reached ** piety under Okawaru
  5625 | D:9      | Noticed a centaur warrior
  5676 | D:9      | Shot with an arrow by a centaur warrior

Illustrated notes

Levels and vault maps discovered:
D:1:      lightli_arrival_isolated_outpost, layout_loops_corners
D:2:      layout_basic
D:4:      layout_loops_ring, ebering_ghost_disaster_area, serial_shops, shop,
          led_sif_book, uniq_natasha
D:5:      layout_basic, nicolae_overflow_hidden_temple,
          ebering_ghost_rock_garden, serial_shops, nicolae_shop_crystal
D:6:      layout_basic, temple_fountains, serial_shops, shop_statue,
          nicolae_shop_behind_doors
D:7:      layout_rooms, uniq_harold
D:8:      layout_basic, nicolae_ru_the_path_less_chosen, lair_entry_dummy,
          kennysheep_generic_room_15
D:9:      layout_roguey, grunt_temple_overflow_open
Temple:   cyrus_circular_temple

Skill      XL: |  1  2  3  4  5  6  7  8  9 |
---------------+----------------------------+-----
Slings         | 6 7 8 9 10 12 13 | 13.3
Fighting       | 2 3 5 6 |  6.2
Stealth        | 2 3 4 |  4.6
Armour         | 1 2 |  2.2
Invocations    | 1 2 |  2.6
Dodging        | |  2.8

Action                   |  1- 3 |  4- 6 |  7- 9 || total
-------------------------+-------+-------+-------++-------
Melee: Short sword       |       |       |    11 ||    11
 Fire: Hunting sling     |    38 |    67 |   450 ||   555
Invok: Heroism           |       |       |     5 ||     5
  Use: Scroll            |       |     5 |     2 ||     7
       Potion            |       |       |     5 ||     5
Armor: Leather armour    |     1 |       |    13 ||    14
Dodge: Dodged            |     3 |     6 |   108 ||   117

Table legend: (Time is in decaauts)
 A = Elapsed time spent in this place.
 B = Non-inter-level travel time spent in this place.
 C = Inter-level travel time spent in this place.
 D = Time resting spent in this place.
 E = Time spent auto-exploring this place.
 F = Levels seen in this place.
 G = Mean time per level.
                   A        B        C        D        E       F      G
               +--------+--------+--------+--------+--------+-----+--------+
         Total |   5491 |   5212 |    279 |     22 |   4401 |   9 |  610.1 |
       Dungeon |   5472 |   5203 |    269 |     22 |   4398 |   8 |  684.0 |
        Temple |     18 |      9 |      9 |      0 |      3 |   1 |   18.0 |
               +--------+--------+--------+--------+--------+-----+--------+

Top non-repeatable levels by time:
     D:4: 1244 daAuts
     D:8: 994 daAuts
     D:6: 856 daAuts
     D:5: 843 daAuts
     D:1: 781 daAuts
     D:7: 409 daAuts
     D:9: 338 daAuts
  Temple: 18 daAuts
     D:2: 4 daAuts
